 Dungeon Sprint DCSS version 0.31-a0-18-gea43df2a32 (webtiles) character file.

Game seed: 9839697333590855859

3 sircluck the Shooter (level 1, 0/18 HPs)
             Began as a Minotaur Hunter on May 11, 2023.
             Slain by a human (7 damage)
             ... in the Dungeon (Sprint III: "The Ten Rune Challenge").
             The game lasted 00:00:15 (50 turns).

sircluck the Shooter (Minotaur Hunter)                Turns: 50, Time: 00:00:16

Health: 0/18       AC:  3    Str: 15    XL:     1   Next: 41%
Magic:  0/0        EV: 12    Int:  6    God:
Gold:   7          SH:  0    Dex: 13    Spells: 0/0 levels left

rFire   . . .        a - +0 shortbow
rCold   . . .        (shield currently unavailable)
rNeg    . . .        c - +0 leather armour
rPois   .            (helmet restricted)
rElec   .            (no cloak)
rCorr   .            (no gloves)
SInv    .            (no boots)
Will    .....        (no amulet)
Stlth   +            (no ring)
HPRegen 0.23/turn    (no ring)
MPRegen 0.07/turn

%: no teleportation
@: no status effects
A: horns 2, retaliatory headbutt
a: no special abilities


You were in the Dungeon.
You visited 1 branch You collected 7 gold pieces.

Inventory:

Hand Weapons
 a - a +0 shortbow (weapon)
Armour
 c - a +0 leather armour (worn)
Scrolls
 b - a scroll of immolation
 i - a scroll of blinking
Potions
 d - a potion of curing
 e - a potion of heal wounds
 f - a potion of haste
 g - 2 potions of magic
 h - a potion of berserk rage


   Skills:
 + Level 2.5 Fighting
 + Level 5.4 Ranged Weapons
 + Level 2.3 Dodging
 + Level 0.7 Stealth


You couldn't memorise any spells.
You didn't know any spells.
Your spell library was empty.

Dungeon Overview and Level Annotations

Branches:
Dungeon (1/1)

Altars:


Innate Abilities, Weirdness & Mutations

You have a pair of horns on your head.
You reflexively headbutt those who attack you in melee.


Message History

You kill the rat!
No target in view!
No target in view!
No target in view!
A rat comes into view.
Found 7 gold pieces.
There is an open door here.
You shoot an arrow. The arrow hits the rat.
You kill the rat!
You now have 7 gold pieces.
You open the door.
There is an open door here.
A human comes into view.
The human shouts!
You shoot an arrow.
The arrow hits the human but does no damage.
You shoot an arrow. The arrow hits the human.
The human is lightly wounded.
You shoot an arrow. The arrow hits the human.
The human is lightly wounded.
You shoot an arrow. The arrow barely misses the human.
You shoot an arrow. The arrow barely misses the human.
The human closely misses you.
You shoot an arrow. The arrow hits the human!
The human is moderately wounded.
The human closely misses you.
You shoot an arrow. The arrow hits the human!
The human is heavily wounded.
The human barely misses you. x2
You shoot an arrow. The arrow hits the human.
The human is severely wounded.
The human hits you.
You shoot an arrow. The arrow hits the human.
The human is severely wounded.
The human hits you!
You shoot an arrow. The arrow hits the human.
The human is almost dead.
The human barely misses you.
You shoot an arrow. The arrow closely misses the human.
The human hits you!
You die...

▓.....#
▓.....#...~~♣.♣♣
▓....[#..~~~~♣.♣
▓####'#..~≈≈~~~.
▓....†#.~~≈~~~..
▓.....#.~≈~~~...
▓.....#.~~~.....
▓'#####.........
▓@p.............
▓▓▓▓▓▓▓▓▓▓▓▓▓▓▓▓


You could see a human.

Vanquished Creatures
  An endoplasm (D)
  3 rats (D)
4 creatures vanquished.

Notes
Turn   | Place    | Note
-------+----------+-------------------------------------------
     0 | D        | sircluck the Minotaur Hunter began the quest for the Orb.
     0 | D        | Reached XP level 1. HP: 18/18 MP: 0/0
     4 | D        | Reached skill level 5 in Ranged Weapons
    50 | D        | Slain by a human

Illustrated notes

Levels and vault maps discovered:
D:        dungeon_sprint_mu [sprint_mu_entry_forest, sprint_mu_temple_rooms,
          sprint_mu_d1_spiders, sprint_mu_d2_genie, sprint_mu_d3_branching,
          sprint_mu_orc_legion, sprint_mu_elf_gauntlet, sprint_mu_hive_nellie,
          sprint_mu_lair_fedhas, sprint_mu_vaults_butterflies,
          sprint_mu_slime_circle, sprint_mu_swamp_cave, sprint_mu_shoals_kraken,
          sprint_mu_blade_basic, sprint_mu_crypt_lich, sprint_mu_tomb_spiral,
          sprint_mu_vestibule_basic, sprint_mu_gehenna_hellfire,
          sprint_mu_dis_giant, sprint_mu_tartarus_statrot,
          sprint_mu_cocytus_islands, sprint_mu_zot1]

Skill      XL: |  1 |
---------------+----+-----
Ranged Weapons | 5 |  5.4
Fighting       | |  2.5
Dodging        | |  2.3
Stealth        | |  0.7

Action                     || total
---------------------------++-------
   Fire: Shortbow          ||    19
 Armour: Leather armour    ||     1
  Dodge: Dodged            ||     7

Table legend: (Time is in decaauts)
 A = Elapsed time spent in this place.
 B = Non-inter-level travel time spent in this place.
 C = Inter-level travel time spent in this place.
 D = Time resting spent in this place.
 E = Time spent auto-exploring this place.
 F = Levels seen in this place.
 G = Mean time per level.
                   A        B        C        D        E       F      G
               +--------+--------+--------+--------+--------+-----+--------+
         Total |     54 |     54 |      0 |      0 |     21 |   1 |   54.0 |
       Dungeon |     54 |     54 |      0 |      0 |     21 |   1 |   54.0 |
               +--------+--------+--------+--------+--------+-----+--------+

Top non-repeatable levels by time:
       D: 54 daAuts
